 Dungeon Crawl Stone Soup version 0.29.1-2-gbd0b4ee654 (webtiles) character file.

Game seed: 546094965203961272

115 styxcanada the Sneak (level 4, -2/23 HPs)
             Began as a Spriggan Brigand on Nov 2, 2022.
             Killed by divine providence
             ... invoked by an orc priest
              (11 damage)
             ... on level 3 of the Dungeon.
             The game lasted 00:08:23 (2203 turns).

styxcanada the Sneak (Spriggan Brigand)             Turns: 2203, Time: 00:08:24

Health: -2/23      AC:  3    Str: 13    XL:     4   Next: 68%
Magic:  15/15      EV: 16    Int:  9    God:
Gold:   101        SH:  8    Dex: 18    Spells: 4/5 levels left

rFire   . . .      SeeInvis +   a - +2 dagger
rCold   . . .      Faith    .   g - +3 buckler of Oblivion {rElec Str+6 Int-3 Slay+3}
rNeg    . . .      Spirit   .   b - +0 robe
rPois   .          Reflect  .   (helmet restricted)
rElec   +          Harm     .   c - +0 cloak
rCorr   .          Rampage  .   (gloves unavailable)
Will    .....                   (boots unavailable)
Stlth   ++++......              (no amulet)
HPRegen 0.07/turn               m - ring of magical power
MPRegen 0.14/turn               (no ring)

@: very quick
A: very small, no large weapons, unfitting armour, see invisible, speed 3
a: no special abilities


You were on level 3 of the Dungeon.
You visited 1 branch of the dungeon, and saw 3 of its levels.

You collected 101 gold pieces.

Inventory:

Hand Weapons
 a - a +2 dagger (weapon)
 p - a +0 sling
Missiles
 d - a poisoned dart (quivered)
 e - 3 curare-tipped darts
 f - 37 stones
 h - 4 boomerangs
Armour
 b - a +0 robe (worn)
 c - a +0 cloak (worn)
 g - the +3 buckler of Oblivion (worn) {rElec Str+6 Int-3 Slay+3}
   (You acquired it on level 2 of the Dungeon)

   Str:       It affects your strength (+6).
   Int:       It affects your intelligence (-3).
   Slay:      It affects your accuracy & damage with ranged weapons and melee
   (+3).
   rElec:     It insulates you from electricity.
Jewellery
 m - a ring of magical power (left hand)
Scrolls
 i - a scroll of silence
Potions
 j - 2 potions of heal wounds {unknown}
 k - a potion of lignification {unknown}
 l - a potion of curing {unknown}
 o - 3 potions of resistance {unknown}


   Skills:
 * Level 1.8 Fighting
 + Level 2.8 Short Blades
 + Level 2.3 Throwing
 * Level 2.0 Dodging
 * Level 7.6 Stealth
 * Level 0.3 Shields
 * Level 1.0 Spellcasting
 * Level 1.0 Transmutations
 * Level 0.4 Poison Magic


You had 4 spell levels left.
You knew the following spells:

 Your Spells              Type           Power      Damage    Failure   Level
a - Sting                 Tmut/Pois      4%         1d3       52%         1

Your spell library contained the following spells:

 Spells                   Type           Power      Damage    Failure   Level
 Foxfire                  Conj/Fire      0%         2x1d4     63%         1
 Poisonous Vapours        Pois/Air       0%         N/A       73%         2
 Conjure Flame            Conj/Fire      0%         6-21      94%         3
 Inner Flame              Hex/Fire       0%         N/A       94%         3
 Flame Wave               Conj/Fire      0%         2d4       100%        4
 Olgreb's Toxic Radiance  Pois           1%         N/A       100%        4


Dungeon Overview and Level Annotations

Branches:
Dungeon (3/15)

Altars:
Fedhas


Innate Abilities, Weirdness & Mutations

You are very small and have problems with some larger weapons.
You are too small for most types of armour.
You have supernaturally acute eyesight. (SInv)
You cover ground extremely quickly. (Speed+++)


Message History

You throw a poisoned dart. The poisoned dart hits the orc.
The orc looks even sicker.
The orc is lightly wounded.
You hear the slow rusting of a very distant drain.
You hit the orc.
You kill the orc!
Things that are here:
a +0 club; a +0 leather armour; an orc corpse You puncture the ball python!
You kill the ball python!
Throw: 3 darts (poison)
Press: ? - help, Q - select action, (/) - cycle Shift-Dir - straight line, f - orc priest
Aim: an orc priest, wielding a +0 dagger (65% to hit)
You throw a poisoned dart. The poisoned dart hits the orc priest.
The orc priest is poisoned.
Unknown command.
Throw: 2 darts (poison)
Press: ? - help, Q - select action, (/) - cycle Shift-Dir - straight line, f/p - orc priest
Aim: an orc priest, wielding a +0 dagger (lightly wounded, poisoned, 65% to hit)
You throw a poisoned dart.
The poisoned dart closely misses the orc priest.
The poisoned dart hits the orc.
The orc is poisoned.
The orc priest misses you.
You aren't carrying any items that you can evoke.
You hit the orc priest.
The orc priest is moderately wounded.
You hit the orc.
The orc is heavily wounded.
You barely miss the orc.
The orc is heavily wounded.
You block the orc's attack.
You hit the orc.
You kill the orc!
Your Transmutations skill increases to level 1!
You hit the orc priest.
The orc priest is heavily wounded.
The orc priest looks more healthy.
The orc priest invokes the aid of Beogh against you.
Beogh smites you!
You die...

#.##########....#
#...... #..##
####.###......
##..#
#...##......
##.##
#....######.
#..####
#..##........
##....# #.#
##.#####. ####.##
#. #.# ## #..# ..
#.# ##@# #S# #.#
#o# # ... #g# .#
#.. #B###.## #..
#o.....##
##(......#
#........[
#.(.......
#.........


You could see an orc priest, an orc, a giant cockroach and a hobgoblin.

Vanquished Creatures
  Terence (D:2)
  4 adders (D:2)
  A worm (D:2)
  3 orcs (D:3)
  5 ball pythons
  4 bats
  7 endoplasms
  3 giant cockroaches (D:1)
  A goblin (D:2)
  2 hobgoblins (D:1)
  4 jackals (D:2)
  5 kobolds
  2 quokkas
  3 frilled lizards (D:1)
  5 rats
50 creatures vanquished.

Notes
Turn   | Place    | Note
-------+----------+-------------------------------------------
     0 | D:1      | styxcanada the Spriggan Brigand began the quest for the
                  | Orb.
     0 | D:1      | Reached XP level 1. HP: 10/10 MP: 2/2
    48 | D:1      | Reached skill level 6 in Stealth
   123 | D:1      | Reached XP level 2. HP: 12/15 MP: 3/3
   493 | D:1      | Learned a level 1 spell: Sting
   879 | D:2      | Found a blossoming altar of Fedhas.
  1002 | D:2      | Reached XP level 3. HP: 14/18 MP: 4/4
  1026 | D:2      | Reached skill level 7 in Stealth
  1283 | D:2      | Identified a scroll of acquirement
  1283 | D:2      | Acquired the +3 buckler of Oblivion {rElec Str+6 Int-3
                  | Slay+3}
  1370 | D:2      | Noticed Terence
  1400 | D:2      | Killed Terence
  1401 | D:2      | Reached XP level 4. HP: 13/23 MP: 6/6
  1614 | D:2      | Reached skill level 1 in Spellcasting
  2203 | D:3      | Reached skill level 1 in Transmutations
  2203 | D:3      | Killed from afar by an orc priest

Illustrated notes

Levels and vault maps discovered:
D:1:      amcnicky_arrival_flooded_fountain, layout_loops_ring
D:2:      layout_loops_cross, basic_altar, kennysheep_generic_room_13,
          uniq_terence
D:3:      layout_rooms, lightli_sewer_entry_pipes,
          hellmonk_ecumenical_altar_watching_god

Skill      XL: |  1  2  3  4 |
---------------+-------------+-----
Stealth        | 6 7 |  7.6
Dodging        | 2 |  2.0
Spellcasting   | 1 |  1.0
Transmutations | 1 |  1.0
Fighting       | |  1.8
Short Blades   | |  2.8
Throwing       | |  2.3
Shields        | |  0.3
Poison Magic   | |  0.4

Action                   |  1- 3 |  4- 6 || total
-------------------------+-------+-------++-------
Melee: Dagger            |    75 |    27 ||   102
Throw: Dart              |    22 |     7 ||    29
  Use: Scroll            |     4 |     3 ||     7
 Stab: Sleeping          |    15 |     1 ||    16
Armor: Robe              |     5 |     3 ||     8
Dodge: Dodged            |    39 |     5 ||    44
Block: Buckler           |       |     9 ||     9
